AoeStats
← bullseyes

Black Forest

506059421Analyzed
4v4 RM · 21d ago on Sep 12, 2026· 39m 35s· 8 players
Game mode
Random Map
Map size
Large (8 player)
Population
200
Speed
Normal
Resources
Standard
Victory
Conquest
Starting age
Dark Age
Ending age
Imperial Age
RankedLock teamsTeams togetherTeam positionsShared explorationLock speedFull tech treeHidden civsTurbo modeCheats
Victory
Defeat
🇹🇼 Bengalis · Taiwan
1684
+11
🇹🇼 Vietnamese · Taiwan
1593
+15
🇨🇳 Portuguese · China
1566
+16
🇹🇼 Franks · Taiwan
1528
+19
🇱🇹 Hindustanis · Lithuania
1640
-18
🇨🇳 Bulgarians · China
1589
-16
🇧🇪 Persians · Belgium
1574
-15
🇺🇸 Byzantines · United States
1491
-12
TW_Kenneth
0:38 Loom
12:21 Feudal Age
16:02 Castle Age
14:20 Fishing Lines
14:40 Double-Bit Axe
15:57 Gold Mining
17:05 Town Watch
25:31 Horse Collar
26:12 Gillnets
27:47 Wheelbarrow
28:43 Hand Cart
28:52 Fortified Wall
30:03 Stone Mining
30:49 Gold Shaft Mining
34:34 Imperial Age
32:47 Ballistics
32:40 Bow Saw
33:26 Fletching
33:36 Padded Archer Armor
34:39 Bodkin Arrow
34:59 Leather Archer Armor
34:58 Bloodlines
34:48 Husbandry
35:18 Fervor
35:28 Sanctity
36:16 Paiks
36:31 Mahayana
36:32 Conscription
36:16 Bracer
36:46 Ring Archer Armor
36:35 Caravan
36:18 Elite Elephant Archer
37:17 Block Printing
37:28 Illumination
39:07 Chemistry
38:21 Treadmill Crane
38:52 Masonry
38:47 Siege Engineers
小白
5:05 Loom
12:10 Feudal Age
15:38 Castle Age
13:45 Double-Bit Axe
16:49 Bow Saw
18:23 Horse Collar
19:39 Wheelbarrow
23:28 Heavy Plow
25:09 Gold Mining
25:11 Stone Mining
29:27 Imperial Age
27:45 Stone Shaft Mining
27:51 Ballistics
27:23 Fletching
28:18 Hand Cart
28:05 Treadmill Crane
28:33 Bodkin Arrow
29:08 Masonry
30:10 Bracer
31:11 Chemistry
31:14 Two-Man Saw
31:51 Conscription
32:07 Architecture
31:58 Siege Engineers
31:35 Elite Organ Gun
32:52 Arquebus
33:39 Coinage
33:47 Architecture
33:34 Murder Holes
34:37 Banking
34:41 Bombard Tower
35:15 Murder Holes
37:09 Guilds
我最爛別快攻我
0:40 Loom
11:11 Feudal Age
11:16 Man-at-Arms
16:30 Double-Bit Axe
19:06 Wheelbarrow
23:54 Castle Age
23:23 Fishing Lines
24:27 Gillnets
25:12 Bow Saw
26:59 Town Watch
29:08 Hand Cart
31:06 Gold Mining
35:23 Imperial Age
33:10 Stone Mining
34:08 #83
33:49 Scale Mail Armor
34:00 Forging
35:13 Iron Casting
34:53 Chain Mail Armor
35:59 Caravan
35:37 Elite Throwing Axeman
37:05 Plate Mail Armor
37:58 Blast Furnace
37:50 Conscription
P0rr1dg3
6:31 Loom
11:52 Feudal Age
13:21 Double-Bit Axe
16:00 Castle Age
16:17 Fishing Lines
16:28 Gold Mining
17:01 Bow Saw
21:48 Sanctity
22:34 Gillnets
25:49 Horse Collar
27:12 Heavy Plow
32:13 Imperial Age
30:19 Wheelbarrow
29:29 Town Watch
30:06 Stone Mining
31:28 Scale Barding Armor
31:33 Forging
32:09 Stone Shaft Mining
32:12 Hand Cart
33:29 Chain Barding Armor
33:45 Iron Casting
33:41 Husbandry
33:52 Bloodlines
33:13 Elite Battle Elephant
33:59 Devotion
35:02 Plate Barding Armor
35:30 Chatras
35:49 Guilds
36:08 Faith
37:41 Two-Man Saw
39:32 Crop Rotation
feeling.yang.nlp
5:54 Loom
10:22 Feudal Age
14:45 Castle Age
13:41 Double-Bit Axe
14:30 Fishing Lines
20:51 Horse Collar
22:39 Gillnets
24:09 Bow Saw
24:56 Wheelbarrow
24:33 Heavy Plow
28:34 Imperial Age
25:52 Town Watch
25:53 Loom
27:00 Gold Mining
27:05 Stone Mining
28:17 Hand Cart
28:18 Scale Barding Armor
28:39 Bloodlines
28:30 Husbandry
29:08 Masonry
29:24 Chain Barding Armor
29:15 Forging
30:13 Gold Shaft Mining
30:15 Crop Rotation
30:01 Caravan
30:33 Coinage
30:59 Plate Barding Armor
31:00 Iron Casting
31:52 Stone Shaft Mining
33:37 Blast Furnace
32:28 Fletching
32:52 Masonry
33:44 Chemistry
32:49 Stirrups
33:49 Conscription
34:07 Banking
33:07 Elite Konnik
33:14 Light Cavalry
34:05 Bodkin Arrow
33:59 Hussar
35:23 Architecture
Morningstar
13:06 Feudal Age
12:29 Loom
13:35 Double-Bit Axe
17:58 Castle Age
16:51 Fishing Lines
17:22 Gold Mining
17:47 Scale Barding Armor
17:53 Forging
18:58 Bow Saw
25:45 Atonement
26:27 Fervor
26:38 Sanctity
26:33 Horse Collar
28:14 Redemption
29:10 Wheelbarrow
30:28 Hand Cart
30:54 Heavy Plow
31:30 Gillnets
36:45 Imperial Age
34:54 Husbandry
36:22 Chain Barding Armor
36:38 Iron Casting
37:00 Elite Cataphract
38:22 Plate Barding Armor
37:52 Caravan
38:49 Illumination
38:39 Block Printing
39:20 Crop Rotation
39:52 Two-Man Saw
39:19 Logistica
39:01 Fletching
40:09 Theocracy
Jagdze
0:46 Loom
13:06 Feudal Age
17:03 Castle Age
15:05 Double-Bit Axe
15:31 Horse Collar
16:40 Town Watch
18:04 Bow Saw
17:56 Heavy Plow
26:16 Wheelbarrow
27:39 Hand Cart
29:56 Gold Mining
32:48 Fortified Wall
35:19 Imperial Age
34:23 Padded Archer Armor
34:47 Ballistics
35:59 Masonry
36:34 Leather Archer Armor
37:25 Chemistry
36:56 Elite Skirmisher
38:07 Ring Archer Armor
37:29 Fletching
39:09 Two-Man Saw
38:25 Stone Mining
38:59 Scale Mail Armor
39:10 Forging
bullseyes
1:13 Loom
12:13 Feudal Age
13:57 Stone Mining
19:30 Double-Bit Axe
24:09 Castle Age
24:57 Bow Saw
24:29 Horse Collar
28:41 Fletching
29:41 Bodkin Arrow
31:33 Wheelbarrow
31:31 Heavy Plow
31:25 Gold Mining
34:52 Hand Cart
34:22 Town Watch
38:10 Imperial Age
37:45 Padded Archer Armor
38:08 Husbandry
38:18 Bloodlines
39:31 Chemistry
38:52 Ballistics
38:43 Masonry
38:51 Leather Archer Armor
39:09 Crop Rotation
39:43 Two-Man Saw
38:46 Caravan
39:17 Conscription
Connection lost

Rejoining the realm…

Still unreachable

The connection could not be restored.

Session expired

The server has moved on; the page needs a fresh start.